 Dungeon Crawl Stone Soup version 0.28-a0-43-g560ac104fe (webtiles) character file.

Game seed: 668318574740279667

579 Sobieck the Conjurer (level 7, -5/56 HPs)
             Began as a Black Draconian Conjurer on July 28, 2021.
             Slain by Duvessa (10 damage)
             ... on level 4 of the Dungeon.
             The game lasted 00:08:02 (4467 turns).

Sobieck the Conjurer (Black Draconian Conjurer)     Turns: 4467, Time: 00:08:03

Health: -5/56      AC:  7    Str:  9    XL:     7   Next: 13%
Magic:  8/11       EV: 13    Int: 20    God:
Gold:   213        SH:  0    Dex: 16    Spells: 5/12 levels left

rFire   . . .      SeeInvis .   a - +7 long sword of a Thousand Persimmons {elec, rC+, long}
rCold   + . .      Faith    .   (no shield)
rNeg    . . .      Spirit   .   (armour unavailable)
rPois   .          Reflect  .   (helmet restricted)
rElec   +          Harm     .   p - +0 cloak
rCorr   .          Rampage  .   (no gloves)
Will    .....                   (no boots)
Stlth   ++........              (no amulet)
HPRegen 0.18/turn               g - +6 ring of dexterity
MPRegen 0.12/turn               (no ring)

@: short of breath, attractive
A: breathe lightning, AC +6, unfitting armour, electricity resistance,
cold-blooded
a: Breathe Lightning


You were on level 4 of the Dungeon.
You visited 1 branch of the dungeon, and saw 4 of its levels.

You collected 213 gold pieces.


Innate Abilities, Weirdness & Mutations

You can breathe wild blasts of lightning.
Your glossy black scales are hard. (AC +6)
You cannot fit into any form of body armour.
You are resistant to electric shocks. (rElec)
You are cold-blooded and may be slowed by cold attacks.


   Skills:
 + Level 2.6 Fighting
 * Level 2.5 Long Blades
 + Level 3.0 Dodging
 + Level 3.2 Stealth
 + Level 3.1 Spellcasting
 * Level 5.5 Conjurations
 + Level 1.5 Hexes


You had 5 spell levels left.
You knew the following spells:

 Your Spells              Type           Power      Damage    Failure   Level
a - Magic Dart            Conj           100%       1d8       1%          1
b - Searing Ray           Conj           50%        3d5       2%          2
c - Fulminant Prism       Conj/Hex       8%         3d7       32%         4

Your spell library contained the following spells:

 Spells                   Type           Power      Damage    Failure   Level
 Dazzling Flash           Conj/Hex       34%        N/A       10%         3
 Stone Arrow              Conj/Erth      28%        3d8       14%         3
 Ozocubu's Armour         Ice            3%         N/A       38%         3
 Iskenderun's Mystic Bla  Conj/Tloc      14%        2d5       41%         4
 Bolt of Magma            Conj/Fire/Erth 5%         4d5       88%         5
 Ozocubu's Refrigeration  Ice            1%         4d5       100%        7
 Shatter                  Erth           1%         3d6*      100%        9

Inventory:

Hand Weapons
 a - the +7 long sword of a Thousand Persimmons (weapon) {elec, rC+, long}
   (You found it on level 4 of the Dungeon)

   It occasionally discharges a powerful burst of electricity upon striking a
   foe.
   rC:        It protects you from cold.
 m - a +0 long sword {long}
   (You found it on level 3 of the Dungeon)
 r - a +0 short sword {short}
   (You took it off a kobold on level 1 of the Dungeon)
Missiles
 b - 159 stones {throwing}
 k - 40 bolts
 s - 30 arrows
Armour
 p - a +0 cloak (worn)
   (You found it on level 3 of the Dungeon)
Jewellery
 d - an amulet of guardian spirit
   (You found it on level 1 of the Dungeon)
 g - a +6 ring of dexterity (left hand)
   (You found it on level 1 of the Dungeon)
Wands
 i - a wand of flame (24)
   (You found it on level 2 of the Dungeon)
 u - a wand of acid (8)
   (You found it on level 4 of the Dungeon)
Scrolls
 c - a scroll of noise {unknown}
 l - 2 scrolls of identify {unknown}
 o - 2 scrolls of fog {unknown}
 q - 2 scrolls of silence {unknown}
 t - a scroll of enchant weapon {unknown}
 v - a scroll of holy word {unknown}
Potions
 e - 2 potions of curing {unknown}
 f - 3 potions of attraction {!q}
 h - a potion of brilliance {unknown}
 j - 2 potions of degeneration {unknown}
 n - a potion of lignification {unknown}

Dungeon Overview and Level Annotations

Branches:
Dungeon (4/15)
 Temple: D:4-7

Altars:
Dithmenos
Fedhas
The Shining One

Shops:
D:1 (

Annotations:
D:4 Duvessa

..( #...#..... .##
#.....#... #########
##......... ........#
####.......... ...####.#
#.......#...#. ...# #.#
###### #.##.........^ .).#
#.###....#####.##...#..e...
####
#....)##.##.....#......#...
#.#.#.##..@e#####..........
#.#...##.##.#...#..........
########.##.#.....#####..#e
#....###.### ####... ######
#.# #.....# #.#####.#
#.##.## #...†...#####.#....
#.#######.....###.# #.###.#
#.##### #.#


You could see Duvessa (berserk).


Message History

The orb of electricity engulfs you! You resist.
You hear a shout! 😕 HP[-9]
You take 9 damage, and now have 47/56 hp. 😕 HP[+1] 😕 HP[+1]
You have got your breath back. 😕 HP[+1] 😕 HP[+1]
You see here a hobgoblin corpse. 😕 HP[+1] Dowan shouts!
Dowan casts a spell at you. The puff of frost hits you. You resist. 😕 HP[-3]
You take 3 damage, and now have 49/56 hp.
Dowan gestures wildly while chanting.
Dowan blinks! 😕 HP[+1] 😕 HP[+1] Dowan gestures wildly while chanting.
Dowan blinks! 😕 HP[+1]
You start resting.
Dowan is nearby! 😕 HP[+1] 😕 HP[+1]
You slash Dowan!
Dowan hits you with a +3 dagger of protection.
Dowan gestures at you while chanting. The puff of flame hits you! 😕 HP[-9]
You take 9 damage, and now have 45/56 hp.
You completely miss Dowan. Dowan closely misses you.
You riposte.
You slash Dowan! You closely miss Dowan. Dowan hits you but does no damage.
You slash Dowan! Lightning courses through Dowan!!
You kill Dowan!
You hear a distant scream of rage.
Things that are here:
a +3 dagger of protection {short}; a +0 robe; the elf corpse of Dowan 😕 HP[+1]
You start resting. 😎 HP[+10]
Your hp is fully restored (56).
Duvessa goes berserk!
Okay, then.
Unknown command.
Unknown command.
The magic dart hits Duvessa but does no damage. 😎 MP[-1]
You lost 1 mp, and now have 10/11 mp.
The magic dart hits Duvessa! 😎 MP[-1]
You lost 1 mp, and now have 9/11 mp.
You breathe a wild blast of lightning!
You hear a mighty clap of thunder! x4
Unknown command.
Casting: Magic Dart (safe; 1% risk of failure)
Confirm with . or Enter, or press ? or * to list all spells.
Aiming: Searing Ray (safe; 2% risk of failure)
Press: ? - help, Shift-Dir - straight line, f/p - Duvessa
Aim: Duvessa, wielding a +4 vampiric rapier and wearing a +0 ring mail (lightly wounded, berserk, 85% to hit)
The searing ray hits Duvessa! (Press . to maintain the ray.) Duvessa hits you with a +4 vampiric rapier.
Duvessa draws strength from your wounds!
Duvessa hits you with a +4 vampiric rapier!!
Duvessa draws strength from your wounds! 😮 HP[-26] MP[-2]
You take 26 damage, and now have 30/56 hp.
MASSIVE DAMAGE!! (PAUSE)
You lost 2 mp, and now have 7/11 mp.
Unknown command.
Okay, then. 😮 HP[+1] Duvessa rages.
Duvessa hits you with a +4 vampiric rapier!
* * * LOW HITPOINT WARNING * * *
Duvessa draws strength from your wounds! 😱 HP[-17]
You take 17 damage, and now have 14/56 hp.
MASSIVE DAMAGE!! (PAUSE) Unknown command.
It was a potion of attraction.
You feel attractive to monsters.
Duvessa hits you with a +4 vampiric rapier!
* * * LOW HITPOINT WARNING * * *
Duvessa closely misses you. 😱 HP[-9] MP[+1]
You take 9 damage, and now have 5/56 hp.
Unknown command.
Duvessa hits you with a +4 vampiric rapier!
You die...

Skill      XL: |  1  2  3  4  5  6 |
---------------+-------------------+-----
Dodging        | 2 3 |  3.0
Stealth        | 2 3 |  3.2
Fighting       | 1 2 |  2.6
Long Blades    | 1 2 |  2.5
Conjurations   | 5 |  5.5
Hexes          | 1 |  1.5
Spellcasting   | 3 |  3.1

Action                   |  1- 3 |  4- 6 |  7- 9 || total
-------------------------+-------+-------+-------++-------
Melee: Short sword       |    49 |     7 |       ||    56
       Unarmed           |     1 |       |       ||     1
       Tailslap          |     5 |     2 |       ||     7
       Long sword        |       |    24 |     5 ||    29
 Cast: Magic Dart        |    72 |    18 |     2 ||    92
       Searing Ray       |     4 |     5 |     1 ||    10
 Abil: Breathe Lightning |       |       |     2 ||     2
  Use: Potion            |       |       |     1 ||     1
 Stab: Sleeping          |     1 |     2 |       ||     3
Armor: Skin              |    20 |    14 |     1 ||    35
Dodge: Dodged            |    36 |    23 |     2 ||    61
       Rpst.: Long sword |       |     7 |     1 ||     8

Levels and vault maps discovered:
D:1:      mrwooster_arrival_statue, layout_rooms,
          ebering_ecumenical_altar_sacrificial, serial_shops,
          nicolae_lakefront_shop, serial_forest, infiniplex_forest_clump_double,
          infiniplex_forest_clump_medium, infiniplex_forest_corner_2,
          infiniplex_forest_lined_2, infiniplex_forest_clump_long,
          infiniplex_forest_clump_double, infiniplex_forest_lined_room_3,
          infiniplex_forest_lined_2
D:2:      layout_basic
D:3:      layout_loops_cross, chequers_serial_rivers_micro_e
D:4:      layout_basic, general_overflow_altar, mainiacjoe_overflow_swirl,
          minmay_misc_feat_columns, minmay_misc_feat_x, kennysheep_doodads,
          chequers_serial_rivers_micro_d, uniq_grinder, uniq_duvessa

Notes
Turn   | Place    | Note
-------+----------+-------------------------------------------
     0 | D:1      | Sobieck the Draconian Conjurer began the quest for the Orb.
     0 | D:1      | Reached XP level 1. HP: 14/14 MP: 3/3
     0 | D:1      | magus.rc [v1.9.6]
   306 | D:1      | Reached XP level 2. HP: 22/22 MP: 1/5
   309 | D:1      | Learned a level 2 spell: Searing Ray
   378 | D:1      | You add the spells Ozocubu's Armour and Ozocubu's
                  | Refrigeration to your library.
   475 | D:1      | Reached skill level 2 in Dodging
   475 | D:1      | Reached skill level 2 in Stealth
   611 | D:1      | Reached skill level 1 in Fighting
   611 | D:1      | Reached XP level 3. HP: 19/28 MP: 0/6
   873 | D:1      | Found a faded altar of an unknown god.
   983 | D:1      | Found Ryownep's Antique Weapon Emporium.
  2090 | D:2      | You pick up a book of the Earth and begin reading...
  2090 | D:2      | You add the spells Stone Arrow, Bolt of Magma and Shatter
                  | to your library.
  2758 | D:3      | Reached XP level 4. HP: 35/35 MP: 2/7
  2980 | D:3      | Learned a level 4 spell: Fulminant Prism
  3504 | D:4      | Noticed Duvessa
  3504 | D:4      | Noticed Dowan
  3569 | D:4      | Identified the +7 long sword of a Thousand Persimmons
                  | {elec, rC+}
  3804 | D:4      | Noticed an ogre
  3810 | D:4      | Killed an ogre
  3811 | D:4      | Reached skill level 2 in Fighting
  3811 | D:4      | Reached skill level 1 in Long Blades
  3811 | D:4      | Reached XP level 5. HP: 41/41 MP: 4/9
  3922 | D:4      | Found a shadowy altar of Dithmenos.
  3950 | D:4      | Found a blossoming altar of Fedhas.
  4025 | D:4      | Found a glowing golden altar of the Shining One.
  4064 | D:4      | Reached skill level 5 in Conjurations
  4108 | D:4      | Noticed a black bear
  4115 | D:4      | Noticed Grinder
  4120 | D:4      | Killed a black bear
  4121 | D:4      | Reached skill level 3 in Stealth
  4121 | D:4      | Reached skill level 1 in Hexes
  4121 | D:4      | Reached XP level 6. HP: 44/48 MP: 5/10
  4209 | D:4      | Killed Grinder
  4210 | D:4      | Reached skill level 2 in Long Blades
  4210 | D:4      | Reached skill level 3 in Dodging
  4210 | D:4      | Reached skill level 3 in Spellcasting
  4210 | D:4      | Your scales start taking on a glossy black colour.
  4210 | D:4      | Reached XP level 7. HP: 48/56 MP: 8/11
  4210 | D:4      | Gained mutation: You are resistant to electric shocks.
                  | (rElec) [Black Draconian growth]
  4389 | D:4      | Killed Dowan
  4463 | D:4      | HP: 14/56 [Duvessa (17)]
  4465 | D:4      | HP: 5/56 [Duvessa (9)]
  4467 | D:4      | Slain by Duvessa

Vanquished Creatures
  Grinder (D:4)
  A black bear (D:4)
  An ogre (D:4)
  A scorpion (D:4)
  Dowan (D:4)
  A gnoll (D:1)
  3 adders (D:3)
  An ufetubus (D:3)
  An adder skeleton (D:4)
  A worm (D:2)
  A dart slug (D:3)
  4 orcs
  7 bats
  5 endoplasms
  2 giant cockroaches
  6 goblins
  7 hobgoblins
  10 jackals
  3 quokkas
  4 ball pythons
  3 frilled lizards
  6 kobolds
  4 rats
74 creatures vanquished.

Vanquished Creatures (others)
  8 plants (D:1)
8 creatures vanquished.

Grand Total: 82 creatures vanquished

Table legend:
 A = Non-vault XP
 B = Vault XP
 C = Vault XP percentage of total XP
 D = Non-vault monster count
 E = Vault monster count
 F = Vault count percentage of total count
                 A         B        C        D         E       F
            +---------+---------+-------+---------+---------+-------
      Total |     507 |     321 |  38.8 |      72 |       2 |   2.7
            +---------+---------+-------+---------+---------+-------
        D:1 |      55 |       0 |   0.0 |      24 |       0 |   0.0
        D:2 |      31 |       0 |   0.0 |      17 |       0 |   0.0
        D:3 |      70 |       0 |   0.0 |      16 |       0 |   0.0
        D:4 |     351 |     321 |  47.8 |      15 |       2 |  11.8
            +---------+---------+-------+---------+---------+-------

Illustrated notes

Table legend:
 A = Kills in this place as a percentage of kills in entire the game.
 B = Kills by you in this place as a percentage of kills by you in the entire game.
 C = Kills by friends in this place as a percentage of kills by friends in the entire game.
 D = Other kills in this place as a percentage of other kills in the entire game.
 E = Experience gained in this place as a percentage of experience gained in the entire game.
 F = Experience gained in this place divided by the number of levels of this place that you have seen.
                   A       B       C       D       E      F
               +-------+-------+-------+-------+-------+----------------------
         Total | 100.0 | 100.0 |   N/A |   N/A | 100.0 | 207.0
       Dungeon | 100.0 | 100.0 |   N/A |   N/A | 100.0 | 207.0
               +-------+-------+-------+-------+-------+----------------------

Table legend: (Time is in decaauts)
 A = Elapsed time spent in this place.
 B = Non-inter-level travel time spent in this place.
 C = Inter-level travel time spent in this place.
 D = Time resting spent in this place.
 E = Time spent auto-exploring this place.
 F = Levels seen in this place.
 G = Mean time per level.
                   A        B        C        D        E       F      G
               +--------+--------+--------+--------+--------+-----+--------+
         Total |   4484 |   4326 |    158 |    419 |   3378 |   4 | 1121.0 |
       Dungeon |   4484 |   4326 |    158 |    419 |   3378 |   4 | 1121.0 |
               +--------+--------+--------+--------+--------+-----+--------+

Top non-repeatable levels by time:
     D:2: 1464 daAuts
     D:1: 1207 daAuts
     D:4: 946 daAuts
     D:3: 865 daAuts
